[Event "44th Chess Olympiad Open 2022"]
[Site "Chennai"]
[Date "2022.07.31"]
[Round "3.5"]
[White "Bartel, Mateusz"]
[Black "Zhao, Zong-Yuan"]
[Result "1-0"]
[WhiteElo "2597"]
[BlackElo "2513"]
[Annotator "RC"]
[PlyCount "67"]
[EventDate "2022.??.??"]
[TimeControl "60"]

1. e4 c5 2. Nf3 Nc6 3. Nc3 d6 4. d4 cxd4 5. Nxd4 Nf6 6. Bg5 e6 7. Qd3 a6 8. Nxc6 bxc6 9. O-O-O d5 10. Qg3 Bb7 11. Be2 Be7 12. h4 h5 13. e5 Nd7 14. Bxe7 Kxe7 15. Qxg7 Qg8 16. Qg5+ Qxg5+ 17. hxg5 c5 18. Rxh5 Rxh5 19. Bxh5 d4 20. Ne2 Nxe5 21. Re1 Rg8 22. f4 Nc4 23. b4 cxb4 24. Nxd4 Bxg2 25. Nf5+ Kf8 26. Bxf7 Kxf7 27. Nh6+ Kg7 28. Nxg8 Kxg8 29. Rxe6 a5 30. f5 Bh3 31. Rc6 Ne5 32. Rc5 Nf3 33. f6 Kf7 34. Rc7+ 1-0

[Event "44th Chess Olympiad Open 2022"]
[Site "Chennai"]
[Date "2022.07.31"]
[Round "3.5"]
[White "Cheng, Bobby"]
[Black "Piorun, Kacper"]
[Result "1/2-1/2"]
[WhiteElo "2540"]
[BlackElo "2636"]
[Annotator "RC"]
[PlyCount "93"]
[EventDate "2022.??.??"]
[TimeControl "60"]

1. d4 Nf6 2. c4 e6 3. Nf3 d5 4. g3 Be7 5. Bg2 O-O 6. O-O Nbd7 7. b3 dxc4 8.
bxc4 c5 9. Nc3 cxd4 10. Qxd4 Bc5 11. Qh4 Qe7 12. Rb1 Re8 13. Rd1 Nf8 14. Bg5 Ng6 15. Bxf6 gxf6 16. Qh6 Qf8 17. Qxf8+ Kxf8 18. Ne4 Be7 19. c5 f5 20. Nd6 Rd8 21. h4 Kg7 22. h5 Nf8 23. h6+ Kf6 24. e4 e5 25. exf5 Bxd6 26. cxd6 Kxf5 27. Rb5 f6 28. Nh4+ Kg5 29. f4+ Kxh6 30. fxe5 fxe5 31. Rxe5 Be6 32. Bxb7 Rab8 33. Bf3 Rb6 34. Ra5 Rbxd6 35. Rxd6 Rxd6 36. Rxa7 Nd7 37. a4 Kg5 38. a5 Kf6 39. Ra8 Nc5 40. Rf8+ Ke5 41. Rh8 Ra6 42. Rxh7 Rxa5 43. Rh5+ Kf6 44. Rh6+ Kg7 45. Rg6+ Kf7 46. g4 Nd7 47. Rh6 1/2-1/2

[Event "44th Chess Olympiad Open 2022"]
[Site "Chennai"]
[Date "2022.07.31"]
[Round "3.6"]
[White "Mamedyarov, Shakhriyar"]
[Black "Peralta, Fernando"]
[Result "1-0"]
[WhiteElo "2759"]
[BlackElo "2591"]
[Annotator "TA"]
[PlyCount "49"]
[EventDate "2022.??.??"]
[TimeControl "60"]

1. c4 e6 2. Nc3 b6 3. d4 Bb4 4. e3 Bxc3+ 5. bxc3 Bb7 6. a4 {
[%emt 0:01:44][%cal Ya2a4,Ya4a5] [#] A40: Unusual replies to 1 d4.} f5 $146 ({Predecessor:} 6... Nf6 7. f3 Nh5 8. Nh3 O-O 9. Bd3 Qh4+ 10.
Nf2 f5 11. Ra2 Nc6 12. O-O d6 {½-½ (39) Iordachescu,V (2610)-Tereick,B (2382)
Baden-Baden 2013}) 7. a5 Nf6 8. f3 {[%emt 0:
02:14] The position is equal.} O-O 9. Bd3 c5 10. Nh3 Nc6 11. a6 Bc8 12. O-O Nh5 (
12... d6 $11) 13. e4 f4 $2 {[%emt 0:00:52] 
[#] Black cannot hold the game after this.} ({Better is} 13... d6 $1 $14) 14.
e5 $18 g6 15. Be4 Rb8 16. Bxc6 dxc6 17. dxc5 bxc5 18. Ba3 Qe7 19. Qd4 cxd4 20.
Bxe7 Re8 21. Bd6 Rb6 22. cxd4 Rxa6 23. Ng5 Ng7 24. Ne4 Rd8 25. Nf6+ {[%emt 0:00:18] Weighted Error Value:
White=0.11 (very precise) /Black=0.40} 1-0

[Event "44th Chess Olympiad Open 2022"]
[Site "Chennai"]
[Date "2022.07.31"]
[Round "3.6"]
[White "Guseinov, Gadir"]
[Black "Krysa, Leandro"]
[Result "1/2-1/2"]
[WhiteElo "2668"]
[BlackElo "2515"]
[Annotator "TA"]
[PlyCount "185"]
[EventDate "2022.??.??"]
[TimeControl "60"]

1. e4 c6 2. d4 d5 3. e5 Bf5 4. h4 a6 5. h5 c5 6. g4 {
[%emt 0:02:53] B12: Caro-Kann: Advance Variation.} (6. dxc5 $5 Nc6 7. Bd3 Bxd3 8. cxd3 $11) 6... Bd7 7. c3 e6 {[%emt 0:10:04] [#]} 8. Nf3 $146 ({Predecessor:} 8. f4 Nh6
9. Na3 Nc6 10. Nc2 Qb6 11. Bh3 cxd4 12. cxd4 Nb4 13. Nxb4 Bxb4+ 14. Kf2 {
½-½ (55) Balogh,C (2616)-Popov,V (2590) Moscow 2007}) 8... Nc6 9. Bh3 f6 10. O-O Nh6 11. Re1 cxd4 (11... fxe5 $17
{And now ...e4 would win.} 12. dxe5 Be7) 12. cxd4 {[%emt 0:11:03] [#]} (12.
exf6 $1 $11 gxf6 13. cxd4) 12... fxe5 $1 $17 13. dxe5 Bb4 14. Nc3 O-O 15. Qd3 {[%emt 0:08:49] Prevents d4.} Be7 {[%emt 0:12:51]
Against Ng5} 16. a3 $1 {[%emt 0:00:56] Prevents Nb4.} Nf7 17. Nxd5 exd5 18. e6 Bxe6 19. Rxe6 $14 Ng5 20.
Bxg5 Bxg5 21. Rd1 ({Don't
play} 21. Nxg5 Qxg5 22. Rd1 Rad8 $11) 21... Kh8 22. Bg2 Bf6 23. b4 h6 24. Qxd5 {[%emt 0:01:53] 0x0.0005eb95896fdp-1022s more active pieces.} Qxd5 25. Rxd5 Rad8 26. Red6 Rxd6 27. Rxd6 Rd8 28. Rxd8+ Nxd8 $16 {[%emt 0:01:05] Endgame KBN-KBN}
29. Ne1 Kg8 30. Bd5+ Kf8 {
[%emt 0:00:08] [#]} 31. Kg2 $1 Bb2 32. a4 Bc3 33. Nc2 Ke7 34. Kf3 b5 35. axb5 axb5 36. Ke4 Kd6 37. Nd4 Ke7 38. Nxb5 Bxb4 39. Kf5 Be1 40. f3 Bh4 41. Nd4 {[%emt 0:13:27] Black must now prevent Kg6.} Bf6 42. Ne2 Kd6 43. Ke4 Be5 44. Nc1 Bf6 45.
Nb3 Bc3 46. Nd4 {[%emt 0:00:43] Threatens to
win with Nb5+.} Ke7 47. Ne2 Bb2 48. Ng3 Ne6 49. Nf5+ Kf6 50. Bxe6 Kxe6 {[%emt 0:00:02] KB-KN} 51.
Nh4 Ba1 52. Ng6 Bb2 53. Nf4+ Kf6 54. Kd5 Be5 55. Ng6 Bb8 56. f4 Ba7 57. Kd6 ({
White should play} 57. Ne5 $16) 57... Be3 $11 58. Kd5 Bd2 (58... Ba7 $1 $11 {remains equal.}) 59.
Ke4 $16 Bc3 60. Ne5 Bb2 61. Nd7+ Ke6 62. Nc5+ Kf6 63. Kd5 Ba1 64. Kd6 Bd4 65. Kd5 (
65. Nd3 $16) 65... Bb2 (65... Ba1 $1 $11) 66. Nd3 Bc3 67. Kd6 (67. Nf2 $16 {Ne4+ would
kill now.} Bb2 68. Ne4+ Kf7 69. Nd6+ Kf6 70. Ne4+ Kf7 71. Nc5) 67... Bd4 (67... Bd2 $11 {keeps the balance.}) 68. Kd7 (
{Better is} 68. Ne5 $16) 68... Be3 $11 69. Kd6 (69. Ke8 $11) 69... Bd4 $16 70. Ne5 Bb2 71. Kd5 Ba1 72. Nd3 Bc3 73. Nc5 {[%emt 0:00:02] Intending Ne4+ and mate.}
Bb2 74. Ne4+ Kf7 75. Kd6 Bd4 76. Kd7 Be3 77. f5 Bf4 78. Nc5 Be5 79. Nb7 (79. Kc6 $16) 79... Kf6 $11 {[%emt 0:
00:00] The position is equal.} 80. Ke8 Kg5 81. Kf7 Kxg4 82. Kg6 Bb2 83. Nc5 Ba1 84. Ne4 Bd4 85. f6 Bxf6 86.
Nxf6+ gxf6 87. Kxh6 {[%emt 0:00:03] KP-KP} f5 88. Kg6 {[%emt 0:00:02] White threatens h6 and mate.} f4 89. h6 {[%emt 0:00:01] White wants to mate with h7.} f3 90. h7 f2 91. h8=Q f1=Q {[%emt 0:00:05] Prevents Qh1.} 92. Qf6 Qxf6+ 93. Kxf6 {[%emt 0:05:11] Black defended with fortune. Weighted
Error Value: White=0.10 (very precise) /Black=0.11 (very precise)} 1/2-1/2

[Event "44th Chess Olympiad Open 2022"]
[Site "Chennai"]
[Date "2022.07.31"]
[Round "3.6"]
[White "Perez Ponsa, Federico"]
[Black "Mamedov, Rauf"]
[Result "0-1"]
[WhiteElo "2554"]
[BlackElo "2656"]
[Annotator "TA"]
[PlyCount "88"]
[EventDate "2022.??.??"]
[TimeControl "60"]

1. e4 c5 2. Nf3 d6 3. d4 cxd4 4. Nxd4 Nf6 5. Nc3 Nc6 6.
Bg5 e6 7. Qd2 a6 8. O-O-O Bd7 9. Kb1 Be7 {[%emt 0:03:52] B67: Sicilian: Richter-Rauzer: 7...a6 8 0-0-0 Bd7, lines
without 9 f4 Be7.} 10. Nxc6 Bxc6 11. f3 h6 $5 {[%emt 0:00:23] The position is equal. Leaves trodden
paths.} 12. Be3 Qc7 13. h4 b5 14. Ne2 Nd7 15. Nd4 Bb7 16. g4 Ne5 17. Be2 Rc8 18. g5 h5 19. Rhe1 {[%emt 0:00:00] [#]}
O-O $146 ({Predecessor:} 19... g6 20. b3 O-O 21. Bd3 d5 22.
Bf4 Bd6 23. exd5 Bxd5 24. Bxb5 Nxf3 25. Nxf3 Bxf4 26. Qf2 axb5 27. Nd4 Bg3 {
0-1 (27) Potkin,V (2597)-Rasulov,V (2527) Chess.com INT 2018}) 20. Bf2 Rfd8 21. f4 Bxe4 22. Bxh5 (22. fxe5 dxe5 23.
Bc4 Bf5 $17) 22... Nc4 23. Qe2 (23. Qc1 $1 $11 d5 24. g6 fxg6 25. Bg4) 23... d5 $17 {[%emt 0:
02:23][%cal Yc4b2] ...Nxb2! is the strong threat.} 24. g6 {[%emt 0:00:00] [#]}
Nxb2 $1 {[%emt 0:03:26] Black is more active.} 25. gxf7+ Kh8 {
[%emt 0:00:54] Chess con chili.} 26. Bf3 $2 {[%emt 0:00:00] White does not
recover from this.} ({But not} 26. Nxe6 $2 Qc3 27. Qd2 Nxd1 28. Qxc3 Nxc3+ $19)
(26. Rd3 $17 Nc4 27. Bg4 Bxd3 28. Qxd3 Na3+ 29. Kb2) 26... Na4 $19 {[%emt 0:02:
38] Black is clearly winning.} 27. Rd3 {[%emt 0:00:23] Against Qc3} Bxd3 28. Qxd3 Nc3+ 29. Kc1 Qxf4+ 30. Kb2 Qd6 {[%emt 0:
09:49] ( -> ...Qa3+)} 31. Kc1 Nxa2+ 32. Kd2 Qf4+ 33. Re3 Bb4+ 34. Kd1 Nc3+ 35. Kc1 Ba3+ 36. Kd2 Ne4+ 37. Ke2 Rc3 38. Nxe6 Qf6 ({Stronger than} 38... Rxd3 39. Nxf4 Rxe3+ 40. Bxe3 $17) 39. Bxe4 Rxd3 40. Bxd3 Rd7 41. Nf4 {[%emt 0:09:14] White wants to mate with Re8+.} Qxf7 42. Rf3 Re7+ 43. Kf1 {[%emt 0:00:33]
[#]} Re4 $1 44. Bg3 {[%emt 0:00:00] [#]} Bc1 $1 {[%emt 0:02:
33] Weighted Error Value: White=0.50/Black=0.11 (very precise)} 0-1

[Event "44th Chess Olympiad Open 2022"]
[Site "Chennai"]
[Date "2022.07.31"]
[Round "3.6"]
[White "Flores, Diego"]
[Black "Abasov, Nijat"]
[Result "1/2-1/2"]
[WhiteElo "2528"]
[BlackElo "2633"]
[Annotator "RC"]
[PlyCount "96"]
[EventDate "2022.??.??"]
[TimeControl "60"]

1. d4 d5 2. c4 e6 3. Nc3 c6 4. Nf3 Nf6 5. e3 Nbd7 6. a3 Bd6 7. Bd3 O-O 8.
O-O e5 9. cxd5 cxd5 10. Nb5 Bb8 11. dxe5 Nxe5 12. Be2 Ne4 13. Bd2 Qb6 14. Nxe5 Bxe5 15. Bc3 Nxc3 16. bxc3 Rd8 17. Rb1 a6 18. Nd4 Qc7 19. Nf3 Bxc3 20. Rc1 Qa5 21. Qb3 Bf6 22. Rfd1 Be6 23. Nd4 Bxd4 24. Rxd4 b5 25. a4 Rac8 26. Rcd1 Rc3 27. Qb4 Qxb4 28. Rxb4 d4 29. axb5 axb5 30. exd4 Bb3 31. Rb1 Bc4 32. Bxc4 bxc4 33. g3 Kf8 34. Ra1 Rxd4 35. Rb7 g5 36. Ra5 g4 37. h3 Rd1+ 38. Kg2 gxh3+ 39. Kxh3 Rf3 40. Ra2 c3 41. Kg2 Rdd3 42. Rc7 Rf6 43. Rc2 Rff3 44. Ra2 Kg7 45. Kf1 Rf6 46. Kg2 Kg6 47. Rc2 Rff3 48. Kf1 Rd2 1/2-1/2

[Event "44th Chess Olympiad Open 2022"]
[Site "Chennai"]
[Date "2022.07.31"]
[Round "3.7"]
[White "Van Foreest, Jorden"]
[Black "Blomqvist, Erik"]
[Result "1-0"]
[WhiteElo "2678"]
[BlackElo "2521"]
[Annotator "TA"]
[PlyCount "105"]
[EventDate "2022.??.??"]
[TimeControl "60"]

1. e4 c5 2.
Nf3 d6 3. d4 cxd4 4. Nxd4 Nf6 5. Nc3 Nc6 6. Bg5 e6 7. Qd2 a6 8. Nxc6 {[%emt 0:00:19] B66: Sicilian:
Richter-Rauzer: 7...a6 8 0-0-0 h6.} bxc6 9. O-O-O Be7 (9... h6 $5 10. Bf4 d5 $14
) 10. h4 $5 {[%emt 0:00:03] Exploring less charted territory.} (10. Bxf6 $14
gxf6 11. Kb1) 10... O-O {[%emt 0:06:59] [#]} 11. g4 $146 (11.
Bxf6 $5 gxf6 12. Qh6 $11) ({Predecessor:} 11. e5 dxe5 12. Qe1 Qc7 13. Bxf6 Bxf6
14. Ne4 Be7 15. Bc4 a5 16. a3 Rb8 17. Qc3 {½-½ (51) Kohler,A (2121)
-Gurevich,D (2371) Chess.com INT 2022}) 11... d5 12. f3 Nd7 13. Bxe7 Qxe7 14. h5 Rb8 15. h6 g6 16. a3 Rd8 17. Be2 ({White should try} 17. f4 $14) 17... Bb7 (17... Nb6 $5 ) 18. f4 (18. exd5 cxd5
19. Qe3 (19. Qd4 e5 $15) 19... Qc5 20. Qxc5 Nxc5 $11) (18. Qd4 e5 19. Qb4 c5
$11) 18... c5 19. exd5 exd5 20. Bxa6 Bxa6 (20... Nf6 $1 $11 21. Rhe1 Qc7)
21. Nxd5 $16 Qf8 {[%emt 0:00:30] aiming for ...Bc4.} 22. Qc3 {
[%emt 0:03:25] Prevents Bc4.} (22. Rhe1 $1 $16) 22... f6 $2 (
22... Re8 $1 $11 {and Black is okay.}) 23. Nc7 (23. Rhe1 $18)
23... Be2 24. Ne6 $1 Qf7 25. Nxd8 {[%emt 0:00:20] 0x0.00208e5b2dccdp-1022s
more active pieces.} Rxd8 26. Rd6 {[%emt 0:01:03] Strongly
threatening g5.} Bxg4 {[%emt 0:02:31] [#]} 27. Rg1 (27. Qxc5
$1 $16 {Black must now prevent Re1.} Rb8 (27... Qe7 28. Qb4) 28. Qd4) 27... Qf8
$36 {[%emt 0:03:52][%csl Yd6,Yh6] White is under pressure.} 28. Qd2 Bf5 29. Rd1 Qxh6 30.
Rxf6 Bg4 (30... Nxf6 31. Qxd8+ Qf8 32. a4)
31. Re1 {[%emt 0:09:34] Chess con chili.} Qh4 32. Rd6 Rf8 33. Kb1 Nf6 34. Qc3 ({Better is} 34. Re7 $14) 34... Bf5 35. Qc4+ Kg7 36. Re7+ Kh6 $1 37. Rd1 Ne4 38. Rxe4 $16 Bxe4 39. Qxe4 {[%emt 0:00:
04] Threatens to win with Rh1.} Rxf4 {[%emt 0:00:36] Endgame KQR-KQR} 40. Qc6 {
[%emt 0:03:22] Rh1 is the strong threat.} Qe7 41. a4 ({White should play} 41. Rd7 $16 Qe1+ 42. Ka2) 41... Rf6 {[%emt 0:11:
45] [#]} (41... Rf7 $1 $14) 42. Qb5 (42. Qc8 $1 $18 {[%cal
Rc8h3] And now Qh3+ would win.} Rf7 43. Qh8) 42... Rf4 $2 {[%emt 0:07:31] [#]}
(42... Rd6 $16 43. Rxd6 (43. Rh1+ Kg7 $11) 43... Qxd6) 43. a5 $1 $18 Rb4 44. Qd3 {[%emt 0:05:17] Hoping
for a6.} Rd4 45. Qh3+ Rh4 (
45... Kg7 $142 46. Qc3 (46. Rh1 h5 $16) 46... Kh6 47. Rxd4 cxd4 48. Qd2+ (48.
Qxd4 Qe1+ 49. Ka2 Qxa5+ 50. Kb1 Qe1+ 51. Ka2 Qa5+ 52. Kb3 Qb5+ 53. Kc3 Kg5 $11)
48... g5) 46. Qc3 Qe2 (46... Rd4 47. Rxd4
cxd4 48. Qd2+ (48. Qxd4 Qe1+ 49. Ka2 Qxa5+ 50. Kb1 Qe1+ 51. Ka2 Qa5+ 52. Kb3
Kg5 $11) 48... g5) 47. Re1 ({Not} 47. Rd7 $2 Qf1+ 48. Rd1
Qxd1+ $19) 47... Qf2 48. a6 Ra4 49. Rh1+ Kg5 50. Qe5+ Kg4 51. Qe6+ Qf5 52. Qe2+ Kg5 53. Qe7+ {[%emt 0:00:00] Weighted Error
Value: White=0.28 (precise) /Black=0.79} 1-0

[Event "44th Chess Olympiad Open 2022"]
[Site "Chennai"]
[Date "2022.07.31"]
[Round "3.7"]
[White "Grandelius, Nils"]
[Black "Giri, Anish"]
[Result "0-1"]
[WhiteElo "2655"]
[BlackElo "2760"]
[Annotator "TA"]
[PlyCount "114"]
[EventDate "2022.??.??"]
[TimeControl "60"]

1. d4 Nf6 2. Nf3 d5 3. c4 e6 4. g3 Bb4+ 5. Bd2 Be7 6. Bg2 O-O 7.
O-O c6 8. Qc2 Nbd7 9. Bf4 b6 10. cxd5 cxd5 11. Rc1 Bb7 12. Bc7 Qe8 13. Qb3 {[%emt 0:00:43] E08: Closed
Catalan: Main Line: 7 Qc2.} Rc8 {[%emt 0:12:04] White must now prevent ...Bd6.}
14. Na3 Ne4 {[%emt 0:01:10] [#]} 15. Bf4 $146 {[%emt 0:28:29]
The position is equal.} (15. Nb5 $5 ) ({Predecessor:} 15. Nb5
Ndc5 16. dxc5 bxc5 17. Bf4 c4 18. Qa4 Bc5 19. Be3 Bc6 20. Nfd4 Bxd4 21. Bxd4
Bxb5 22. Qxa7 {½-½ (79) Can,E (2599)-Sargsyan,S (2641) Sharjah 2022}) 15...
g5 16. Be3 h6 17. Rxc8 Qxc8 18. Rc1 Qb8 19. Nb5 a6 20. Nc3 (20.
Rc7 $2 Nef6 21. Ne5 Rd8 22. Nxd7 Nxd7 23. Rxb7 Qxb7 $19) 20... Rc8 21. Nxe4 dxe4 22. Ne5 Rxc1+ 23. Bxc1 Nxe5 24. dxe5 Qc7 25. Be3 b5 26. Qd1 $1 ({But not} 26. Qc3 Qxc3 27. bxc3 Bd5 $17)
26... Bf8 (26... Qxe5 $2 27. Qd7 $18)
27. Qd4 Bg7 28. Bxe4 {[%emt 0:01:23] Qa7 is
the strong threat.} Bxe5 29. Qd3 Bxb2 30. Bxb7 Qxb7 $17 {[%emt 0:00:03] Endgame
KQB-KQB} 31. Qd8+ Kh7 32. h4 gxh4 33. Qxh4 Bg7 34. Qb4 Qd5 35. Qa3 Qc6 {[%emt 0:04:
38] Black is more active.} 36. Qd3+ f5 37.
Qa3 Kg6 38. Kh2 Kf7 (38... Qa8 {looks sharper.} 39. Qe7 Qd5 40. a3 Qc6) 39. Qa5 e5 (39... h5 $17 40. Qd8 Bf6) 40. Bb6 $15 Qb7 41. Be3 Qc8 42. Qb6 Qe6 43. Qa5 (
43. Qb7+ $15 Kg6 44. a3) 43... Kg6 44. Bb6 Bf8 45. Be3 ({Not} 45. Qxa6 $2 Bc5 46. Qxb5
Bxb6 $19) 45... Be7 46. Qc7 Bf6 47. Qa5 ({White should play} 47. a3 $15) 47... h5 $17 48. Bc1 {[%emt 0:00:25] Inhibits f4.} h4 (48... f4 {keeps more tension.} 49. Qd2 fxg3+ 50. fxg3 Qg4) 49. gxh4 Bxh4 (49... Qc4 {seems wilder.} 50. h5+ Kxh5
51. Qxa6 Kg6) 50. Kg1 f4 51. Bb2 $2 {[%emt 0:
03:05] This costs White the game.} (51. Bd2 $17) 51... Qg4+ $19 52. Kf1 Qh3+ 53. Kg1 $2 {[%emt 0:01:47] [#]
} (53. Ke1 $19 Qh1+ 54. Kd2 Qd5+ 55. Ke1) 53... Bg3 $1 {[%emt 0:05:45] Black
mates.} 54. Qb6+ Kh5 55. f3 Qd7 56. Kg2 Qd2 57. Kh3 Qxe2 {[%emt 0:00:39] Weighted Error Value: White=0.30/Black=0.
04 (flawless)} 0-1

[Event "44th Chess Olympiad Open 2022"]
[Site "Chennai"]
[Date "2022.07.31"]
[Round "3.7"]
[White "Warmerdam, Max"]
[Black "Berg, Emanuel"]
[Result "1-0"]
[WhiteElo "2610"]
[BlackElo "2533"]
[Annotator "RC"]
[PlyCount "67"]
[EventDate "2022.??.??"]
[TimeControl "60"]

1. Nf3 c5 2. e4 d6 3. d4 cxd4 4. Qxd4 a6 5. h3 Nc6 6. Qe3 Nf6 7. Be2 e6 8. O-O Be7 9. Rd1 Qc7 10. c4 O-O 11. Nc3 Rd8 12. b3 Bd7 13.
Ba3 Be8 14. Rac1 Qa5 15. Bb2 Ne5 16. Nd4 Ng6 17. a3 h6 18.
Bf1 Qg5 19. Qe1 h5 20. Nf3 Qh6 21. Rc2 h4 22. Bc1 Nf4 23. Kh1 e5 24. c5 dxc5 25. Nxe5 g5 26. Nd5 N6xd5 27. exd5 Nxd5 28. Bc4 Nb6 29. Ng4 Qf8 30. Rxd8 Bxd8 31. Bd3 Bc6 32. Bb2 Nd5 33. Qe4 Nf6 34. Nxf6+ 1-0

[Event "44th Chess Olympiad Open 2022"]
[Site "Chennai"]
[Date "2022.07.31"]
[Round "3.7"]
[White "Hillarp Persson, Tiger"]
[Black "Bok, Benjamin"]
[Result "0-1"]
[WhiteElo "2516"]
[BlackElo "2616"]
[Annotator "RC"]
[PlyCount "133"]
[EventDate "2022.??.??"]
[TimeControl "60"]

1. c4 c5 2. Nf3 Nc6 3. Nc3 Nf6 4. g3 d5 5. cxd5 Nxd5 6. Bg2 g6 7. O-O Bg7 8. Nxd5 Qxd5 9. d3 O-O 10. a3 Qd6 11. Bf4 e5 12. Be3 Bd7 13.
Nd2 b6 14. b4 cxb4 15. Nc4 Qe6 16. axb4 Rac8 17. b5 Nd4 18. Rxa7 Bxb5 19. Bxd4 exd4 20. Rb7 Bxc4 21. dxc4 Rxc4 22. Qd3 Rc3 23. Qe4 Qd6 24. Qd5 Qxd5 25. Bxd5 d3 26. exd3 Rxd3 27. Bc4 Rd4 28. Rc1 Rd2 29. Rxb6 Bd4 30. Rb3 Rxf2 31. Kh1 Kg7 32. Rd1 Be5 33. Re3 Rc8 34. Re2 Rxe2 35. Bxe2 h5 36. Rd2 f5 37. Kg2 Rc3 38. Ra2 Kh6 39. Bf3 Rc4 40. h3 h4 41. g4 Kg5 42. gxf5 gxf5 43. Re2 Bd4 44. Rd2 Bb6 45. Rb2 Bc7 46. Bd5 Rc5 47. Be6 Kf6 48. Bd7 Rd5 49. Bc8 Rd8 50. Ba6 Rg8+ 51. Kf1 Rg3 52. Rc2 Be5 53. Bc8 Bd4 54. Rc4 Ke5 55. Rc7 Ke4 56. Re7+ Kf3 57. Ke1 Rg1+ 58. Kd2 f4 59. Bg4+ Kf2 60. Re2+ Kg3 61. Re8 f3 62. Rf8 f2 63. Be2 Kg2 64. Kd3 Be5 65.
Bf3+ Kxh3 66. Be2 Bg3 67. Kd4 0-1

[Event "44th Chess Olympiad Open 2022"]
[Site "Chennai"]
[Date "2022.07.31"]
[Round "3.8"]
[White "Korobov, Anton"]
[Black "Quesada Perez, Yasser"]
[Result "0-1"]
[WhiteElo "2692"]
[BlackElo "2568"]
[Annotator "TA"]
[PlyCount "134"]
[EventDate "2022.??.??"]
[TimeControl "60"]

1. c4 e5 2. d3 Bb4+ 3. Nd2 Nf6 4. Ngf3 d6 5. a3 Bxd2+ 6. Bxd2 {[%emt 0:
00:00] A20: English Opening: 1...e5.} O-O 7. e3 Nc6 {[%emt 0:08:40] [#]} 8. Qc2 $146 {[%emt 0:02:56] The position is
equal.} ({Predecessor:} 8. Bc3 b6 9. Be2 Bb7 10. O-O a5 11. Qc2 Qe7 12. d4 e4
13. Nd2 Nb8 14. b4 axb4 15. axb4 {1-0 (22) Tutov,N (1672)-Rivas Romero,J (1457)
LSS email 2013}) 8... a5 9. Be2 a4 10. Bc3 Re8 11. O-O Bf5 12. Rad1 h6 13. Rfe1 e4 14. dxe4 Nxe4 15. c5 d5 ({Don't play} 15... Nxc3 16.
Qxc3 Be4 17. cxd6 $11) (15... g6 $5 16. Bd3 dxc5 $11) 16. Nd4 Bg6 17. Nxc6 bxc6 18. Qc1 Qh4 19. Rf1 Bh5 20. Bxh5 Qxh5 21. Bb4 Re6 22. Rd4 (22. f3 $11 Ng5 23. Bc3) 22... Qe2 $17 23. Qe1 Qxb2 {[%emt 0:00:39] Black is much more active.} 24. Qb1 Qxb1 25. Rxb1 Ree8 26. h4 Reb8 {[%emt 0:00:10] Hoping for ...Nxc5.} 27. Rc1 Nf6 28. f3 Nh7 29. Kf2 Nf8 30. g4 Ne6 31. Rd3 Rf8 32. e4 dxe4 33. fxe4 Rfd8 34. Rcd1 Rxd3 35. Rxd3 {[%emt 0:00:04] Endgame KRB-KRN}
Kf8 36. Ke3 Ke7 37. h5 Rg8 38. Be1 Rb8 39. Bb4 f6 40. Rd1 Ng5 (40... Nf8 $17 41. Rd4 Nd7) 41. Ba5 ({
Better is} 41. Kf4 $15) 41... Rb7 42. Bb4 Nf7 43. Kf4 Ke6 $1 44. Rd2 {
[%emt 0:03:10] [#]} Rb8 $1 45. Rd1 Ne5 46. Rd2 (46. Kg3 $17 {was worth a try.}) 46...
g6 47. hxg6 Nxg6+ 48. Kg3 Ne5 {[%emt 0:00:04] Strongly threatening ...Rg8.} 49. Kh3 {
[%emt 0:01:02] [#]} (49. Rd4 $17) 49... Rg8 $1 $19 50. Rd4 Rxg4 51. Ba5 Nf3 52. Rxa4 h5 53. Bxc7 Ng5+ 54. Kh2 Rxe4 55. Rxe4+ (55. Ra8) 55... Nxe4 {[%emt 0:00:06] KB-KN} 56. Kh3 Nxc5 {[%emt 0:00:24] Black mates.} 57. Kh4 Kf5 58. Kxh5 Na4 59. Kh4 Ke4 60. Kg3 c5 61. Kf2 f5 62. Ke2 f4 63. Ba5 f3+ 64. Kd2 c4 65. Bd8 c3+ 66. Ke1 c2 67. Bg5 Nb2 {[%emt 0:00:00] Weighted Error
Value: White=0.40/Black=0.06 (flawless)} 0-1